 Dungeon Crawl Stone Soup version 0.25.0-26-g0c896c7088 (webtiles) character file.

Game seed: 2416358755578240514

130 protoss039 the Shield-Bearer (level 5, 0/42 HPs)
             Began as a Formicid Fighter on July 5, 2020.
             Succumbed to an adder's poison
             ... on level 3 of the Dungeon.
             The game lasted 00:04:17 (1385 turns).

protoss039 the Shield-Bearer (Formicid Fighter)     Turns: 1385, Time: 00:04:17

Health: 0/42       AC:  9    Str: 22    XL:     5   Next: 36%
Magic:  5/5        EV:  6    Int:  7    God:
Gold:   72         SH: 10    Dex: 10    Spells: 4/4 levels left

rFire    . . .     SeeInvis +   a - +0 war axe
rCold    . . .     Gourm    .   c - +0 kite shield
rNeg     . . .     Faith    .   r - +0 chain mail
rPois    .         Spirit   .   (helmet unavailable)
rElec    .         Reflect  .   (no cloak)
rCorr    .         Harm     .   (no gloves)
MR       .....                  (no boots)
Stlth    ..........             (no amulet)
HPRegen  0.14/turn              (no ring)
MPRegen  0.09/turn              (no ring)

@: lethally poisoned (0 -> -2)
A: permanent stasis, dig shafts and tunnels, four strong arms, antennae 3
a: Dig, Shaft Self


You were on level 3 of the Dungeon.
You were not hungry.

You visited 1 branch of the dungeon, and saw 3 of its levels.

You collected 72 gold pieces.

Inventory:

Hand Weapons
 a - a +0 war axe (weapon)
 p - a +1 hand axe of flaming
Armour
 c - a +0 kite shield (worn)
 r - a +0 chain mail (worn)
Scrolls
 b - a scroll of enchant weapon {unknown}
 g - 4 scrolls of remove curse {unknown}
 i - a scroll of magic mapping {unknown}
 k - a scroll of random uselessness {unknown}
 m - a scroll of fog {unknown}
 n - a scroll of immolation {unknown}
 o - a scroll of identify {unknown}
 s - 2 scrolls of teleportation {unknown}
Potions
 d - a potion of might
 e - a potion of resistance {unknown}
 h - 2 potions of curing {unknown}
 j - a potion of mutation {unknown}
 l - a potion of heal wounds {unknown}
 q - 2 potions of stabbing {unknown}
Comestibles
 f - 4 rations
 t - a chunk of flesh


   Skills:
 + Level 3.8 Fighting
 + Level 3.5 Axes
 + Level 3.8 Armour
 + Level 4.9 Shields


You had 4 spell levels left.
You didn't know any spells.
Your spell library was empty.

Dungeon Overview and Level Annotations

Branches:
Dungeon (3/15)

Altars:

Annotations:
D:3 SamuraiZach's ghost, amateur MiFi


Innate Abilities, Weirdness & Mutations

You cannot be hasted, slowed, berserked, paralysed or teleported.
You can dig through walls and to a lower floor.
Your four strong arms can wield two-handed weapons with a shield.
You have a pair of large antennae on your head. (SInv)


Message History

SamuraiZach's ghost is heavily damaged.
You miss the adder. The adder bites you but does no damage.
SamuraiZach's ghost hits you.
* * * LOW HITPOINT WARNING * * *
The adder bites you but does no damage. SamuraiZach's ghost hits you.
* * * LOW HITPOINT WARNING * * *
Unknown command.
You barely miss SamuraiZach's ghost.
SamuraiZach's ghost is heavily damaged.
You hit the adder. The adder bites you.
* * * LOW HITPOINT WARNING * * *
You are lethally poisoned!
The adder poisons you! You block SamuraiZach's ghost's attack.
Unknown command.
Unknown command.
You hit SamuraiZach's ghost.
SamuraiZach's ghost is heavily damaged.
You miss the adder.
You hear the slow rusting of a drain nearby.
You die...

###......# #).###.....#
#....)...# #..#≈#.....#
#......# ##.#[#######
#.###.## #.#≈# #.# #.#
#.#≈#
#.###.#####.#≈######
#>..))......#≈#.....
#....####<..###.#W#.....
#.... #.#.# #.@S......
#.... #.#.....#.......
#.... #.#####.#.......
#.... ... .######.##
###+# ... .# ## #... ..
{ { ##.###


You could see SamuraiZach's ghost and an adder.

Vanquished Creatures
  An orc wizard (D:3)
  3 adders
  2 oozes (D:2)
  A worm (D:3)
  A dart slug (D:1)
  A leopard gecko (D:1)
  3 orcs (D:3)
  5 bats (D:1)
  3 giant cockroaches
  6 hobgoblins
  6 jackals
  3 frilled lizards
  8 goblins
  7 kobolds
  6 rats
56 creatures vanquished.

Notes
Turn   | Place    | Note
-------+----------+-------------------------------------------
     0 | D:1      | protoss039 the Formicid Fighter began the quest for the
                  | Orb.
     0 | D:1      | Reached XP level 1. HP: 18/18 MP: 1/1
   167 | D:1      | Reached XP level 2. HP: 23/24 MP: 2/2
   418 | D:1      | Reached XP level 3. HP: 29/29 MP: 3/3
   420 | D:1      | Reached skill level 4 in Shields
   610 | D:1      | You fall into a shaft and drop 1 floor!
   633 | D:2      | Reached XP level 4. HP: 36/36 MP: 4/4
  1318 | D:3      | Reached XP level 5. HP: 37/42 MP: 5/5
  1336 | D:3      | Found a runed translucent door.
  1371 | D:3      | Noticed SamuraiZach's ghost (amateur MiFi)
  1384 | D:3      | HP: 1/42 [adder (2)]
  1385 | D:3      | Succumbed to an adder's poison

Illustrated notes

Levels and vault maps discovered:
D:1:      enne_arrival_octagon_isle, layout_rooms
D:2:      layout_basic
D:3:      layout_basic, gup_sewer_entry_bubbles, ebering_ghost_sewer_d,
          kennysheep_okawaru_gauntlet

Skill      XL: |  1  2  3  4 |
---------------+-------------+-----
Shields        | 4 |  4.9
Axes           | 3 |  3.5
Fighting       | |  3.8
Armour         | |  3.8

Action                   |  1- 3 |  4- 6 || total
-------------------------+-------+-------++-------
Melee: War axe           |    96 |    68 ||   164
 Abil: Dig               |     3 |       ||     3
       Shaft Self        |     1 |       ||     1
  Eat: Chunk             |       |     2 ||     2
Armor: Scale mail        |    52 |     6 ||    58
       Chain mail        |       |    40 ||    40
Dodge: Dodged            |    44 |    16 ||    60
Block: Kite shield       |    73 |    49 ||   122
